[Event "December 5 Early 2023"]
[Site "https://www.chess.com"]
[Date "2023.12.05"]
[Round "4"]
[White "Lopez Del Alamo, Antonio"]
[Black "Mende, Andreas"]
[Result "1-0"]
[Board "223"]
[TimeControl "180+1"]
[WhiteFideId "2227339"]
[BlackFideId "4631102"]
[WhiteElo "2298"]
[BlackElo "2092"]
[WhiteTeam "ESP"]
[BlackTeam "GER"]
[WhiteClock "0:02:38"]
[BlackClock "0:01:59"]

1. e4 c5 2. Nf3 Nc6 3. b4 cxb4 4. d4 d5 5. exd5 Qxd5 6. c4 bxc3 7. Nxc3 Qh5 8. d5 Ne5 9. Bb5+ Bd7 10. Bxd7+ Nxd7 11. O-O Ngf6 12. Qb3 Rc8 13. Qxb7 e6 14. Qxc8+ 1-0

[Event "December 5 Early 2023"]
[Site "https://www.chess.com"]
[Date "2023.12.05"]
[Round "4"]
[White "Hon, Eric"]
[Black "Szente Varga, Fruzsina"]
[Result "1-0"]
[Board "224"]
[TimeControl "180+1"]
[WhiteFideId "2097117"]
[BlackFideId "712264"]
[WhiteElo "2243"]
[BlackElo "2287"]
[WhiteTeam "USA"]
[BlackTeam "HUN"]
[WhiteClock "0:00:07"]
[BlackClock "0:00:00"]

1. e4 c5 2. Nf3 Nc6 3. d4 cxd4 4. Nxd4 g6 5. Nc3 Bg7 6. Be3 Nf6 7. Bc4 O-O 8. Bb3 Re8 9. O-O e6 10. Ndb5 d5 11. exd5 exd5 12. Nxd5 Nxd5 13. Qxd5 Be6 14. Qxd8 Rexd8 15. c3 Bxb3 16. axb3 a6 17. Na3 Na5 18. b4 Nb3 19. Rad1 b5 20. g3 Bf6 21. Kg2 h5 22. h3 Kg7 23. g4 hxg4 24. hxg4 g5 25. Kf3 Kg6 26. Rfe1 Be5 27. Rxd8 Rxd8 28. Bxg5 Bxc3 29. Bxd8 Bxe1 30. Nc2 Bd2 31. Ke2 Bc1 32. Ne3 Bxb2 33. Nd5 Nd4+ 34. Kd3 Nc6 35. Be7 Ba3 36. Bc5 Kg5 37. f3 Ne5+ 38. Ke4 Nc4 39. Be7+ Kg6 40. Nc7 a5 41. Nxb5 Bxb4 42. Bxb4 axb4 43. Nd4 Kf6 44. f4 Ke7 45. g5 Kd6 46. f5 Nb6 47. g6 fxg6 48. fxg6 Nd7 49. Kf5 Ke7 50. Nc6+ Kf8 51. Nxb4 Nb6 52. Kf6 Nd7+ 53. Kf5 Nb6 54. Nc6 Nc8 55. Kf6 Kg8 56. g7 Kh7 57. Kf7 Nd6+ 58. Kf8 1-0

[Event "December 5 Early 2023"]
[Site "https://www.chess.com"]
[Date "2023.12.05"]
[Round "4"]
[White "Fernandez Siles, Luis"]
[Black "Smirnov, Timofey"]
[Result "1-0"]
[Board "225"]
[TimeControl "180+1"]
[WhiteFideId "2209420"]
[BlackFideId "24176427"]
[WhiteElo "2283"]
[BlackElo "2043"]
[WhiteTeam "ESP"]
[BlackTeam "RUS"]
[WhiteClock "0:00:11"]
[BlackClock "0:00:00"]

1. e4 e5 2. Nf3 Nf6 3. Nc3 Bb4 4. Bc4 O-O 5. d3 d5 6. exd5 Nxd5 7. Bd2 Nxc3 8. bxc3 Bd6 9. Ng5 h6 10. Ne4 Nc6 11. Qh5 Na5 12. Bb3 Nxb3 13. axb3 f5 14. Nxd6 cxd6 15. Bxh6 gxh6 16. Qg6+ Kh8 17. Qxh6+ Kg8 18. Qg6+ Kh8 19. Ra4 Qf6 20. Qh5+ Kg7 21. Rh4 Qg6 22. Qf3 Rh8 23. Rc4 Qf7 24. h4 Kf6 25. h5 Be6 26. h6 Bxc4 27. bxc4 Rh7 28. g4 Ke7 29. Qxb7+ Kf6 30. Qxa8 fxg4 31. Qe4 Qg6 32. Qd5 Rxh6 33. Qxd6+ Kg5 34. Rxh6 Qxh6 35. Qxe5+ Kh4 36. Qh2+ Kg5 37. Qxh6+ Kxh6 38. c5 1-0

[Event "December 5 Early 2023"]
[Site "https://www.chess.com"]
[Date "2023.12.05"]
[Round "4"]
[White "Nikulina, Alena"]
[Black "Colonetti, Fabio"]
[Result "1/2-1/2"]
[Board "226"]
[TimeControl "180+1"]
[WhiteFideId "4172051"]
[BlackFideId "897612"]
[WhiteElo "2024"]
[BlackElo "2278"]
[WhiteTeam "RUS"]
[BlackTeam "ITA"]
[WhiteClock "0:00:25"]
[BlackClock "0:00:49"]

1. e4 c5 2. Nf3 a6 3. c3 e6 4. d4 d5 5. e5 Bd7 6. Bd3 cxd4 7. cxd4 Bb5 8. O-O Bxd3 9. Qxd3 Nc6 10. a3 Nh6 11. Bxh6 gxh6 12. Kh1 Bg7 13. Nbd2 O-O 14. b4 f6 15. exf6 Qxf6 16. Nb3 Rae8 17. Rad1 h5 18. Nc5 h4 19. h3 Re7 20. Rfe1 Qf4 21. Nxe6 Rxe6 22. Rxe6 Rc8 23. Rde1 Nxd4 24. Nxd4 Bxd4 25. Re8+ Rxe8 26. Rxe8+ Kf7 27. Rh8 Qc1+ 28. Kh2 Qf4+ 29. Kh1 Qc1+ 30. Kh2 Qf4+ 31. Kh1 1/2-1/2

[Event "December 5 Early 2023"]
[Site "https://www.chess.com"]
[Date "2023.12.05"]
[Round "4"]
[White "Obon Temprano, Sergi"]
[Black "Gulamirian, Korun"]
[Result "0-1"]
[Board "227"]
[TimeControl "180+1"]
[WhiteFideId "2226545"]
[BlackFideId "4144899"]
[WhiteElo "2267"]
[BlackElo "2005"]
[WhiteTeam "ESP"]
[BlackTeam "RUS"]
[WhiteClock "0:01:43"]
[BlackClock "0:00:29"]

1. d4 Nf6 2. Nf3 g6 3. c3 Bg7 4. Bg5 O-O 5. Nbd2 d5 6. e3 h6 7. Bh4 Bg4 8. Be2 Bxf3 9. Bxf3 g5 10. Bg3 Nc6 11. O-O e6 12. e4 dxe4 13. Nxe4 Nxe4 14. Bxe4 Ne7 15. Bc2 f5 16. f4 g4 17. Bh4 Qd7 18. Qe2 Ng6 19. Bg3 h5 20. Bb3 Rae8 21. Be1 Kh8 22. Bd2 h4 23. Rae1 Rf6 24. Qc4 b5 25. Qc5 Bf8 26. Qxa7 h3 27. g3 Qc6 28. Be3 Qg2# 0-1

[Event "December 5 Early 2023"]
[Site "https://www.chess.com"]
[Date "2023.12.05"]
[Round "4"]
[White "Llari, Marc"]
[Black "Saim, Mohamed Ilias"]
[Result "1-0"]
[Board "228"]
[TimeControl "180+1"]
[WhiteFideId "651044269"]
[BlackFideId "7900465"]
[WhiteElo "2266"]
[BlackElo "1999"]
[WhiteTeam "FRA"]
[BlackTeam "ALG"]
[WhiteClock "0:00:39"]
[BlackClock "0:00:00"]

1. d4 Nf6 2. Nf3 e6 3. Bg5 d5 4. e3 c5 5. Nbd2 Nc6 6. c3 h6 7. Bh4 Be7 8. Bd3 a6 9. O-O b5 10. a4 b4 11. e4 dxe4 12. Nxe4 cxd4 13. cxd4 O-O 14. Nxf6+ Bxf6 15. Bxf6 Qxf6 16. Be4 Bb7 17. Ne5 Nxe5 18. Bxb7 Ra7 19. dxe5 Qxe5 20. Bf3 Qxb2 21. a5 Rb8 22. Qa4 Qc3 23. Rfc1 Qf6 24. Rab1 Qe7 25. g3 Rd7 26. Rb2 Rd3 27. Kg2 Ra3 28. Qxa3 bxa3 29. Rxb8+ Kh7 30. Rb6 a2 31. Rxa6 Qa3 32. Rf1 a1=Q 33. Rxa1 Qxa1 34. Ra8 Kg6 35. a6 h5 36. a7 h4 37. gxh4 1-0

[Event "December 5 Early 2023"]
[Site "https://www.chess.com"]
[Date "2023.12.05"]
[Round "4"]
[White "Tilahun , Abel Mathewos"]
[Black "Rodriguez Santiago, Jaime"]
[Result "0-1"]
[Board "229"]
[TimeControl "180+1"]
[WhiteFideId "15702391"]
[BlackFideId "3100898"]
[WhiteElo "1995"]
[BlackElo "2261"]
[WhiteTeam "ETH"]
[BlackTeam "PUR"]
[WhiteClock "0:00:03"]
[BlackClock "0:00:46"]

1. d4 Nf6 2. c4 e6 3. Nf3 d5 4. Nc3 c5 5. e3 Nc6 6. Bd3 a6 7. cxd5 Nxd5 8. O-O cxd4 9. e4 Nxc3 10. bxc3 dxc3 11. Qc2 Nb4 12. Qxc3 Qxd3 13. Qc7 Bd6 14. Qb6 O-O 15. e5 Be7 16. Bg5 Bxg5 17. Qxb4 Bh6 18. Rad1 Qg6 19. Rd4 b5 20. Rg4 Qc2 21. Nd4 Qxa2 22. Qe7 Qd5 23. Re1 Bb7 24. h4 Rad8 25. Nf3 Rd7 26. Qf6 Kh8 27. Rd4 gxf6 28. Rxd5 Rxd5 29. exf6 Rg8 30. g3 Rf5 31. Ne5 Rxf6 32. Nd7 Rf4 33. Nc5 Bd5 34. Nb7 Rxh4 35. Nc5 Rh1# 0-1

[Event "December 5 Early 2023"]
[Site "https://www.chess.com"]
[Date "2023.12.05"]
[Round "4"]
[White "Phillips, Rene"]
[Black "BestestBP"]
[Result "0-1"]
[Board "230"]
[TimeControl "180+1"]
[WhiteFideId "2056275"]
[WhiteElo "1903"]
[BlackElo "2054"]
[WhiteTeam "USA"]
[WhiteClock "0:00:00"]
[BlackClock "0:00:17"]

1. Nf3 Nf6 2. d4 e6 3. Bf4 d5 4. e3 c5 5. c3 Nc6 6. Nbd2 Nh5 7. Bg3 g6 8. Bd3 Qb6 9. Rb1 Bg7 10. Bd6 cxd4 11. exd4 Nxd4 12. Ba3 Nb5 13. O-O Nxa3 14. bxa3 Qc7 15. Qa4+ Bd7 16. Bb5 Nf6 17. Qb4 Bf8 18. Qd4 Be7 19. Bxd7+ Qxd7 20. Ne5 Qc7 21. Ng4 e5 22. Nxe5 O-O 23. Ng4 Nxg4 24. Qxg4 Bxa3 25. Nf3 Be7 0-1

[Event "December 5 Early 2023"]
[Site "https://www.chess.com"]
[Date "2023.12.05"]
[Round "5"]
[White "Nakamura, Hikaru"]
[Black "Durarbayli, Vasif"]
[Result "0-1"]
[Board "1"]
[TimeControl "180+1"]
[WhiteFideId "2016192"]
[BlackFideId "13402935"]
[WhiteElo "3259"]
[BlackElo "2986"]
[WhiteTeam "USA"]
[BlackTeam "AZE"]
[WhiteClock "0:00:06"]
[BlackClock "0:00:29"]

1. Nf3 d5 2. g3 c5 3. Bg2 Nf6 4. c4 d4 5. e3 Nc6 6. exd4 cxd4 7. O-O e5 8. b4 Bxb4 9. Nxe5 O-O 10. Bxc6 bxc6 11. Nxc6 Qd6 12. Nxb4 Qxb4 13. Qb3 Qa5 14. Qb5 Qc7 15. d3 a6 16. Qb2 Bh3 17. Nd2 Qc6 18. f3 Rfe8 19. Nb3 Bxf1 20. Nxd4 Qc5 21. Kxf1 Rad8 22. Nb3 Qf5 23. Kg2 Qxd3 0-1

[Event "December 5 Early 2023"]
[Site "https://www.chess.com"]
[Date "2023.12.05"]
[Round "5"]
[White "Yilmaz, Mustafa"]
[Black "Naroditsky, Daniel"]
[Result "1/2-1/2"]
[Board "2"]
[TimeControl "180+1"]
[WhiteFideId "6302718"]
[BlackFideId "2026961"]
[WhiteElo "2952"]
[BlackElo "3176"]
[WhiteTeam "TUR"]
[BlackTeam "USA"]
[WhiteClock "0:00:06"]
[BlackClock "0:00:04"]

1. d4 Nf6 2. c4 g6 3. Nc3 Bg7 4. e4 d6 5. Nf3 O-O 6. Be2 e5 7. O-O Na6 8. Be3 Qe7 9. Bg5 c6 10. c5 h6 11. cxd6 Qxd6 12. Bxf6 Bxf6 13. dxe5 Bxe5 14. Nxe5 Qxe5 15. Bxa6 bxa6 16. Qd2 Kh7 17. f4 Qc5+ 18. Qf2 Qxf2+ 19. Rxf2 Rd8 20. Rc1 Rb8 21. b3 Rb4 22. Re2 Bg4 23. Rec2 Be6 24. g3 c5 25. Na4 c4 26. Nc5 cxb3 27. axb3 Bxb3 28. Nxb3 Rxb3 29. Rc7 Kg8 30. R1c2 Rb1+ 31. Kg2 Rdb8 32. Rxa7 R8b2 33. Rxb2 Rxb2+ 34. Kh3 Ra2 35. e5 h5 36. g4 hxg4+ 37. Kxg4 Rxh2 38. Rxa6 Rc2 39. Kf3 Kg7 40. Rd6 Rc4 41. Rd3 Kf8 42. Rd6 Ke7 43. Rd3 Rc6 44. Ke4 Ke6 45. Rd4 Rb6 46. Rc4 Ra6 47. Rd4 Rc6 48. Rb4 Rc1 49. Rb6+ Ke7 50. Rb7+ Kf8 51. Kf3 Rc4 52. Ke3 Ra4 53. Kf3 Rc4 54. Kg4 Rc6 55. Kg5 Kg7 56. Re7 Ra6 57. f5 gxf5 58. Kxf5 Rh6 59. e6 Rf6+ 60. Ke5 Rxe6+ 61. Rxe6 fxe6 62. Kxe6 1/2-1/2

[Event "December 5 Early 2023"]
[Site "https://www.chess.com"]
[Date "2023.12.05"]
[Round "5"]
[White "Svane, Rasmus"]
[Black "Firouzja, Alireza"]
[Result "0-1"]
[Board "3"]
[TimeControl "180+1"]
[WhiteFideId "4657101"]
[BlackFideId "12573981"]
[WhiteElo "2940"]
[BlackElo "3174"]
[WhiteTeam "GER"]
[BlackTeam "FRA"]
[WhiteClock "0:00:00"]
[BlackClock "0:00:04"]

1. Nf3 Nf6 2. g3 d5 3. Bg2 e6 4. O-O Be7 5. c4 O-O 6. b3 b6 7. d4 Bb7 8. Nc3 c5 9. dxc5 bxc5 10. cxd5 exd5 11. e3 Nbd7 12. Bb2 Nb6 13. Rc1 Re8 14. Re1 Rc8 15. Ne2 Ne4 16. Nf4 Bf6 17. Bxf6 Qxf6 18. Qd3 g5 19. Nh5 Qg6 20. g4 f5 21. h3 Rc7 22. Ng3 fxg4 23. hxg4 Bc8 24. Nh2 Nxg3 25. Qxg6+ hxg6 26. fxg3 Kg7 27. Rc2 d4 28. Kf2 Rf7+ 29. Kg1 Ba6 30. Rxc5 dxe3 31. Nf3 e2 32. Nxg5 Rd7 33. Nf3 Nd5 34. a3 Ne3 35. Bh1 Nxg4 36. b4 Bd3 37. Ng5 Kh6 38. Bc6 Rf8 39. Rcc1 Re7 40. Nf3 Ne3 41. Nd4 Rf1+ 42. Rxf1 exf1=Q+ 43. Rxf1 Nxf1 44. Kf2 Nd2 45. b5 Nc4 46. a4 Na5 47. Bf3 Bc2 48. Nxc2 Rc7 49. Nd4 Rc4 50. Nc6 Rxa4 51. Nxa7 Nc4 52. Nc6 Ra2+ 53. Be2 Rb2 54. Kf3 Nd6 55. Nd4 Kg7 56. g4 Kf6 57. Ke3 Rb4 58. Nc6 Rb3+ 59. Kd4 Nxb5+ 0-1

[Event "December 5 Early 2023"]
[Site "https://www.chess.com"]
[Date "2023.12.05"]
[Round "5"]
[White "Caruana, Fabiano"]
[Black "Maksimovic, Bojan"]
[Result "1-0"]
[Board "4"]
[TimeControl "180+1"]
[WhiteFideId "2020009"]
[BlackFideId "14408120"]
[WhiteElo "3082"]
[BlackElo "2935"]
[WhiteTeam "USA"]
[BlackTeam "BIH"]
[WhiteClock "0:00:07"]
[BlackClock "0:00:00"]

1. c4 g6 2. Nc3 Bg7 3. g3 d6 4. Bg2 Nf6 5. Nf3 O-O 6. O-O e5 7. d3 a5 8. Rb1 Nc6 9. b3 Re8 10. Bb2 h6 11. h3 Be6 12. e4 Qd7 13. Kh2 Nb4 14. a3 Na6 15. Bc1 c6 16. Be3 Kh7 17. Qd2 Qe7 18. Na4 Nd7 19. Rfe1 Nac5 20. Nc3 Qf8 21. Qc2 f5 22. b4 axb4 23. axb4 fxe4 24. dxe4 Na6 25. Nd2 h5 26. Qd3 c5 27. bxc5 Naxc5 28. Qe2 Bh6 29. Nb5 Ra2 30. Nc7 Re7 31. Ra1 Rxa1 32. Rxa1 Bxe3 33. Qxe3 Nb6 34. Nxe6 Rxe6 35. Nf3 Rf6 36. Ng5+ Kg7 37. Rb1 Nbd7 38. Rb2 Qa8 39. h4 Qa1 40. Qe2 Qa3 41. Rd2 Nf8 42. Bh3 Nh7 43. Kg2 Qc3 44. Rc2 Qd3 45. Qxd3 Nxd3 46. Rd2 Nc5 47. f3 Nf8 48. Kf2 Nfd7 49. Ke3 Nb6 50. Bf1 Nba4 51. Be2 Nb6 52. Rb2 Nbd7 53. Rd2 Nb6 54. Ra2 Rf8 55. Rb2 Nbd7 56. Rd2 Ra8 57. Rxd6 Ra3+ 58. Kf2 Ra2 59. Rd5 Kf6 60. f4 b6 61. Kf3 Ra3+ 62. Kf2 Ra2 63. Ke1 Ra1+ 64. Bd1 Ra2 65. Be2 Ra1+ 66. Bd1 Ra2 67. Bf3 Ke7 68. fxe5 Nf8 69. Rd6 Nfe6 70. Nxe6 Nxe6 71. Rxb6 Nd4 72. Bd1 Rg2 73. Rxg6 Ne6 74. Bxh5 Nd4 75. Kf1 Ra2 76. Bg4 Ra1+ 77. Kg2 Ra3 78. h5 Kf7 79. e6+ Ke7 80. h6 Ra8 81. h7 Rh8 82. Rh6 Nc6 83. Bf5 Kf8 84. Rf6+ Kg7 85. Rf7+ Kh6 86. e7 Ne5 87. Rf8 Rxh7 88. Bxh7 1-0

[Event "December 5 Early 2023"]
[Site "https://www.chess.com"]
[Date "2023.12.05"]
[Round "5"]
[White "Vokhidov, Shamsiddin"]
[Black "Aronian, Levon"]
[Result "0-1"]
[Board "5"]
[TimeControl "180+1"]
[WhiteFideId "14204223"]
[BlackFideId "13300474"]
[WhiteElo "2924"]
[BlackElo "3066"]
[WhiteTeam "UZB"]
[BlackTeam "USA"]
[WhiteClock "0:00:00"]
[BlackClock "0:00:09"]

1. e4 c5 2. Nf3 d6 3. d4 cxd4 4. Nxd4 Nf6 5. Nc3 a6 6. a4 e5 7. Nf3 h6 8. Nd2 Be6 9. Nc4 Qc7 10. Ne3 Nbd7 11. Be2 Be7 12. O-O O-O 13. a5 Rfd8 14. Ncd5 Bxd5 15. exd5 b5 16. axb6 Qxb6 17. Nc4 Qb7 18. Na5 Qxd5 19. Qxd5 Nxd5 20. Bf3 N7f6 21. Rd1 e4 22. Bxe4 Nxe4 23. Rxd5 Rdc8 24. c3 Rab8 25. Rd4 d5 26. Rxd5 Bc5 27. Kf1 Bxf2 28. Re5 Nc5 29. Rd5 Bh4 30. Be3 Ne4 31. Ra2 Bg5 32. Bxg5 Nxg5 33. Rd6 Rb5 34. g4 Ne4 35. Rxa6 Kh7 36. Nc6 Rg5 37. h3 h5 38. gxh5 Rxh5 39. Nd4 Rxh3 40. R6a5 Re8 41. Rf5 Ng3+ 42. Kg2 Nxf5 43. Kxh3 Re3+ 44. Kg4 Nxd4 45. cxd4 Re4+ 46. Kf3 Rxd4 47. Ke3 Rb4 48. Kd3 f5 49. Kc3 Rb7 50. b4 g5 51. Kc4 g4 52. b5 g3 53. Rg2 f4 54. Kd4 Rxb5 55. Ke4 Rb4+ 56. Kf3 Kg6 57. Rc2 Kg5 58. Rc5+ Kh4 59. Rc8 Rb3+ 60. Kxf4 Kh3 61. Rh8+ Kg2 62. Rc8 Kh2 63. Rh8+ Kg1 64. Rc8 g2 65. Ke4 Kh2 0-1

[Event "December 5 Early 2023"]
[Site "https://www.chess.com"]
[Date "2023.12.05"]
[Round "5"]
[White "Le, Tuan Minh"]
[Black "Kovalev, Vladislav"]
[Result "1-0"]
[Board "6"]
[TimeControl "180+1"]
[WhiteFideId "12401153"]
[BlackFideId "13504398"]
[WhiteElo "3061"]
[BlackElo "2915"]
[WhiteTeam "VIE"]
[BlackTeam "FID"]
[WhiteClock "0:00:04"]
[BlackClock "0:00:00"]

1. d4 Nf6 2. c4 e6 3. Nc3 Bb4 4. e3 O-O 5. Bd2 b6 6. Bd3 Bb7 7. Nf3 d6 8. O-O Bxc3 9. Bxc3 Ne4 10. Rc1 Nd7 11. Be1 f5 12. b4 Ndf6 13. c5 Bd5 14. Qc2 Qe8 15. Nd2 Nxd2 16. Bxd2 Be4 17. f3 Bxd3 18. Qxd3 b5 19. Rce1 a6 20. e4 fxe4 21. fxe4 Qg6 22. Qe2 Rae8 23. Rf3 d5 24. exd5 exd5 25. Qf1 Ne4 26. Bf4 c6 27. h3 Rf7 28. Be5 Rxf3 29. Qxf3 Rf8 30. Qe3 Rf2 31. g3 Qf5 32. g4 Qf7 33. Re2 Rf3 34. Qc1 Rxh3 35. Rg2 Qf3 36. Qe1 h6 37. Qc1 Ng5 38. Qe1 Qd3 39. Qe2 Qf3 40. Qxf3 Rxf3 41. Re2 Kf7 42. Kg2 Rd3 43. Rf2+ Kg8 44. Bd6 Ne4 45. Rf8+ Kh7 46. Be5 Rd2+ 47. Kg1 Rxa2 48. Rf7 Kg8 49. Rxg7+ Kf8 50. Rc7 a5 51. bxa5 b4 52. Rb7 Rxa5 53. Rxb4 Rb5 54. Ra4 Rb2 55. Ra6 Ng5 56. Rxc6 Rd2 57. Rf6+ Ke7 58. c6 Rc2 59. Kf1 Ne6 60. Rxh6 Rxc6 61. Rh7+ Kf8 62. Kf2 Rc3 63. Rh6 Ng5 64. Kg2 Ne4 65. Rh8+ Kf7 66. Rd8 Rd3 67. Rxd5 Ke6 68. Ra5 Nc3 69. Ra6+ Kd5 70. Rf6 Ne4 71. Rf4 Ng5 72. Rf5 Ne6 73. Rf6 1-0

[Event "December 5 Early 2023"]
[Site "https://www.chess.com"]
[Date "2023.12.05"]
[Round "5"]
[White "Vasquez Schroeder, Rodrigo"]
[Black "Oparin, Grigoriy"]
[Result "0-1"]
[Board "7"]
[TimeControl "180+1"]
[WhiteFideId "3400042"]
[BlackFideId "24125890"]
[WhiteElo "2913"]
[BlackElo "3059"]
[WhiteTeam "CHI"]
[BlackTeam "USA"]
[WhiteClock "0:00:12"]
[BlackClock "0:00:11"]

1. e4 c5 2. Nf3 e6 3. d4 cxd4 4. Nxd4 Nf6 5. Nc3 Nc6 6. Ndb5 d6 7. Bf4 e5 8. Bg5 a6 9. Na3 b5 10. Nd5 Be7 11. Bxf6 Bxf6 12. c3 O-O 13. Nc2 Rb8 14. Be2 Bg5 15. O-O Ne7 16. Ncb4 Bb7 17. Qd3 Ng6 18. g3 a5 19. Nc2 Ne7 20. Nxe7+ Qxe7 21. Rfd1 g6 22. Ne3 Bxe3 23. Qxe3 b4 24. cxb4 axb4 25. Rac1 Rfc8 26. Bc4 Kg7 27. b3 h5 28. h4 Rc5 29. Rc2 Ba8 30. Rcd2 Rb6 31. Kh2 Qf6 32. f3 Qe7 33. Kg2 Bb7 34. Kf2 Ba6 35. Bd5 Rb8 36. Kg2 Rc3 37. Qf2 Rbc8 38. Qb6 Qf6 39. Qf2 R8c7 40. Ba8 Qd8 41. Bd5 Bb5 42. Ra1 Qf6 43. Rad1 R7c5 44. Bb7 Qe7 45. Bd5 Ba6 46. Kh2 Qf6 47. Kg2 g5 48. hxg5 Qxg5 49. f4 Qg4 50. fxe5 Rc7 51. exd6 h4 52. dxc7 Rxg3+ 53. Qxg3 Qxg3+ 54. Kh1 Qxc7 55. Rg1+ Kh6 56. Rf2 Qe5 57. Rf5 Qc3 58. Kh2 Bc8 59. Bxf7 Bxf5 60. exf5 Qe5+ 61. Kh1 Qe4+ 62. Kh2 Qf4+ 63. Kh1 Qxf5 64. Bc4 Qh3# 0-1

[Event "December 5 Early 2023"]
[Site "https://www.chess.com"]
[Date "2023.12.05"]
[Round "5"]
[White "Neiksans, Arturs"]
[Black "Duda, Jan-Krzysztof"]
[Result "0-1"]
[Board "8"]
[TimeControl "180+1"]
[WhiteFideId "11601388"]
[BlackFideId "1170546"]
[WhiteElo "2900"]
[BlackElo "3055"]
[WhiteTeam "LAT"]
[BlackTeam "POL"]
[WhiteClock "0:00:07"]
[BlackClock "0:00:36"]

1. e4 e6 2. d3 c5 3. Nf3 Nc6 4. g3 d5 5. Nbd2 Nf6 6. Bg2 Be7 7. O-O O-O 8. Re1 b5 9. e5 Nd7 10. Nf1 a5 11. h4 Ba6 12. N1h2 Re8 13. Kh1 Nf8 14. Ng5 h6 15. Nh3 b4 16. Nf4 Nd4 17. Nh5 Ng6 18. Ng4 Nf5 19. Kg1 c4 20. d4 c3 21. Ne3 cxb2 22. Bxb2 Nxe3 23. Rxe3 Qc7 24. Bf1 Bxf1 25. Kxf1 Rec8 26. Rc1 Qc4+ 27. Kg2 Qxa2 28. Rb1 a4 29. Re2 a3 30. Ba1 Qc4 31. Rd2 Bf8 32. Rb3 Rc7 33. Qg4 Nxe5 34. Nf6+ Kh8 35. dxe5 gxf6 36. Qh5 f5 37. Rf3 Qg4 38. Qxg4 fxg4 39. Rf4 h5 0-1

[Event "December 5 Early 2023"]
[Site "https://www.chess.com"]
[Date "2023.12.05"]
[Round "5"]
[White "Kuzubov, Yuriy"]
[Black "Zemlyanskii, Ivan"]
[Result "0-1"]
[Board "9"]
[TimeControl "180+1"]
[WhiteFideId "14112906"]
[BlackFideId "24249971"]
[WhiteElo "2873"]
[BlackElo "3019"]
[WhiteTeam "UKR"]
[BlackTeam "RUS"]
[WhiteClock "0:00:01"]
[BlackClock "0:00:10"]

1. d4 d5 2. c4 e6 3. Nf3 Nf6 4. Nc3 c6 5. e3 Nbd7 6. Be2 Be7 7. O-O O-O 8. b3 b6 9. Bb2 Bb7 10. Qc2 Qc7 11. Rac1 Rac8 12. Bd3 h6 13. Rfd1 Rfd8 14. Qe2 dxc4 15. bxc4 c5 16. h3 cxd4 17. exd4 Bf8 18. Qe3 Bd6 19. Nb5 Qb8 20. Nxd6 Qxd6 21. Bf1 Qb4 22. Ba1 Qa4 23. Rd2 Ne4 24. Rdc2 Nd6 25. Qf4 Nf5 26. Bd3 Ne7 27. d5 Nxd5 28. Qg3 N5f6 29. Ne5 Nxe5 30. Bxe5 Ne8 31. Rc3 Rd7 32. Bc2 Qa5 33. Re3 Rcd8 34. Kh2 Qd2 35. Ree1 Qg5 36. Qxg5 hxg5 37. Ba4 Rd2 38. Kg3 Nd6 39. f3 Nf5+ 40. Kh2 Nh4 41. Rc2 Nxf3+ 42. Kg3 Nxe1 43. Rxd2 Rxd2 0-1

[Event "December 5 Early 2023"]
[Site "https://www.chess.com"]
[Date "2023.12.05"]
[Round "5"]
[White "Matlakov, Maxim"]
[Black "Volkov, Maksim"]
[Result "1-0"]
[Board "10"]
[TimeControl "180+1"]
[WhiteFideId "4168003"]
[BlackFideId "54123070"]
[WhiteElo "2993"]
[BlackElo "2707"]
[WhiteTeam "RUS"]
[BlackTeam "RUS"]
[WhiteClock "0:00:07"]
[BlackClock "0:00:05"]

1. d4 d5 2. Nf3 Nf6 3. Bg5 e6 4. e3 Be7 5. Nbd2 h6 6. Bf4 Nh5 7. Be5 Nd7 8. h3 Nxe5 9. dxe5 g5 10. Bd3 Ng7 11. Qe2 c5 12. c3 Bd7 13. O-O-O Qa5 14. Kb1 O-O-O 15. g4 Bc6 16. e4 Kb8 17. Bc2 Qb6 18. Ka1 Bb5 19. Qe1 d4 20. c4 Bc6 21. Qe2 Ne8 22. h4 Nc7 23. Rh3 Qa5 24. Kb1 Na6 25. a3 Qc7 26. Rdh1 gxh4 27. Nb3 Ba4 28. Nc1 Bxc2+ 29. Qxc2 Ka8 30. Nd3 Nb8 31. Nxh4 h5 32. Nf3 h4 33. Nxh4 Rdg8 34. Qe2 Rh7 35. Ng2 Rhg7 36. f3 Nc6 37. Rh5 Na5 38. Qc2 Nc6 39. Ngf4 Bg5 40. Nh3 Nxe5 41. Nxe5 Qxe5 42. f4 Bxf4 43. Rxe5 Bxe5 44. g5 Rh7 45. Nf2 Rxh1+ 46. Nxh1 Rxg5 47. Qf2 f6 48. Qh4 a6 49. Nf2 Rg2 50. Nd3 Re2 51. Nxc5 d3 52. Nxd3 Bd4 53. Qh8+ Ka7 54. Qd8 e5 55. c5 Rd2 56. Qb6+ Ka8 57. Qb3 f5 58. Kc1 Be3 59. Kb1 fxe4 60. c6 bxc6 61. Nxe5 Bd4 62. Qg8+ Kb7 63. Qf7+ Ka8 64. Qe8+ Kb7 65. Qxc6+ Ka7 66. Qc7+ Ka8 67. Qc8+ Ka7 68. Nc6+ Kb6 69. Nxd4 Rxd4 70. Kc2 e3 71. Qe6+ Kb5 72. Qxe3 Rg4 73. Qe2+ Rc4+ 74. Kb3 Ka5 75. Qxc4 Kb6 76. Ka4 1-0

[Event "December 5 Early 2023"]
[Site "https://www.chess.com"]
[Date "2023.12.05"]
[Round "5"]
[White "Andreikin, Dmitry"]
[Black "Hayrapetyan, Hovik"]
[Result "1-0"]
[Board "11"]
[TimeControl "180+1"]
[WhiteFideId "4158814"]
[BlackFideId "13302639"]
[WhiteElo "3090"]
[BlackElo "2823"]
[WhiteTeam "FID"]
[BlackTeam "ARM"]
[WhiteClock "0:00:35"]
[BlackClock "0:00:03"]

1. d4 Nf6 2. c4 e6 3. Nf3 d5 4. Bg5 dxc4 5. e4 Bb4+ 6. Nc3 c5 7. Bxc4 cxd4 8. Nxd4 Qa5 9. Bd2 O-O 10. Qe2 Qc7 11. Rc1 Nc6 12. Nxc6 Qxc6 13. Bd3 e5 14. O-O Bg4 15. f3 Bc5+ 16. Kh1 Be6 17. b4 Be7 18. Nb5 Qd7 19. Rc7 Qd8 20. Rxb7 a6 21. Na7 Bd6 22. Bxa6 Bc8 23. Nxc8 Qxc8 24. Rb6 Bc7 25. Bxc8 Bxb6 1-0

[Event "December 5 Early 2023"]
[Site "https://www.chess.com"]
[Date "2023.12.05"]
[Round "5"]
[White "Paravyan, David"]
[Black "Bardyk, Artem"]
[Result "1-0"]
[Board "12"]
[TimeControl "180+1"]
[WhiteFideId "4194985"]
[BlackFideId "34349979"]
[WhiteElo "3004"]
[BlackElo "2878"]
[WhiteTeam "FID"]
[BlackTeam "RUS"]
[WhiteClock "0:00:08"]
[BlackClock "0:00:00"]

1. e4 e5 2. Nf3 Nc6 3. Bc4 Bc5 4. d3 Nf6 5. O-O h6 6. c3 d6 7. Bb3 O-O 8. h3 a5 9. Be3 Ba7 10. Nbd2 Re8 11. Bxa7 Rxa7 12. Re1 Ra8 13. d4 Qe7 14. Ba4 Bd7 15. a3 Rab8 16. d5 Nd8 17. Bxd7 Qxd7 18. b4 b5 19. Nb3 Nb7 20. Rc1 a4 21. Nbd2 c5 22. dxc6 Qxc6 23. c4 Rbc8 24. Qe2 bxc4 25. Rxc4 Qd7 26. Rec1 Rxc4 27. Qxc4 Nd8 28. b5 Ne6 29. Qxa4 Nf4 30. Kh2 N6h5 31. Ng1 Nd3 32. Rc3 Nhf4 33. Qc4 Nc5 34. Nb3 Nfe6 35. Nxc5 Nxc5 36. Nf3 Qb7 37. a4 Ra8 38. Ra3 Nxe4 39. a5 Nc5 40. b6 Ne6 41. Qb5 Nc5 42. Nxe5 Qe4 43. Nf3 Qb7 44. Re3 Ne6 45. Rd3 d5 46. Qxd5 Qb8+ 47. g3 Qf8 48. Kg2 Rd8 49. Qb5 Rb8 50. Rb3 g5 51. a6 Qd8 52. a7 Ra8 53. b7 Nc7 54. Qc6 Rxa7 55. b8=Q Qxb8 56. Rxb8+ 1-0

[Event "December 5 Early 2023"]
[Site "https://www.chess.com"]
[Date "2023.12.05"]
[Round "5"]
[White "Popov, Konstantin"]
[Black "Martinez Alcantara, Jose Eduardo"]
[Result "1/2-1/2"]
[Board "13"]
[TimeControl "180+1"]
[WhiteFideId "34137910"]
[BlackFideId "3805662"]
[WhiteElo "2871"]
[BlackElo "2988"]
[WhiteTeam "FID"]
[BlackTeam "PER"]
[WhiteClock "0:00:06"]
[BlackClock "0:00:04"]

1. e4 c5 2. Nf3 d6 3. d4 cxd4 4. Nxd4 a6 5. c4 e6 6. Nc3 Nf6 7. Be3 b6 8. Rc1 Bb7 9. f3 Be7 10. g4 Nfd7 11. Qd2 Nc6 12. g5 Nxd4 13. Qxd4 Ne5 14. Be2 Bxg5 15. f4 Nc6 16. Qxg7 Bh4+ 17. Kd2 Bf6 18. Qh6 Nd4 19. Bd3 Qe7 20. Na4 Rg8 21. Qh3 Bc6 22. Nxb6 Rb8 23. c5 dxc5 24. Nc4 e5 25. Rhg1 Rh8 26. b3 Rd8 27. Rce1 Bb5 28. fxe5 Bxe5 29. Bg5 Bf6 30. Bxf6 Qxf6 31. Ref1 Qe6 32. Qxe6+ Nxe6 33. Kc3 Ke7 34. a4 Be8 35. e5 Rd4 36. Nd6 a5 37. Nf5+ Kd8 38. Nxd4 cxd4+ 39. Kd2 Ke7 40. Rc1 h5 41. Rc4 h4 42. b4 axb4 43. Rxb4 Rh5 44. Re1 Rg5 45. a5 Bc6 46. a6 Bf3 47. Bf1 Rg1 48. a7 Rh1 49. Be2 Rxh2 50. Kd1 Rxe2 51. Rxe2 d3 52. Kd2 dxe2 53. Rb8 Nc7 54. Rh8 Ke6 55. Rc8 h3 56. Rh8 Bg2 57. Kxe2 Kxe5 58. Kf2 Kd6 59. Kg3 f6 60. Rf8 Ke5 61. Rc8 Na8 62. Rb8 f5 63. Kf2 f4 64. Re8+ Kf5 65. Rf8+ Ke5 66. Re8+ Kd4 67. Rf8 Kc5 68. Rxf4 Kb6 69. Rg4 Bb7 70. Rh4 Bc8 71. Kg3 Kxa7 72. Rxh3 Bb7 73. Rh7 Nb6 74. Rxb7+ Kxb7 1/2-1/2